 Dungeon Crawl Stone Soup version 0.21-a0-273-g0785366 (webtiles) character file.

107 RKaid the Slasher (level 4, -6/35 HPs)
             Began as a Vampire Chaos Knight on Sept 17, 2017.
             Mangled by a basilisk (shapeshifter) (12 damage)
             ... on level 2 of the Dungeon.
             The game lasted 00:03:37 (1435 turns).

RKaid the Slasher (Vampire Chaos Knight)            Turns: 1435, Time: 00:03:39

Health: -6/35      AC:  7    Str: 11    XL:     4   Next: 56%
Magic:  4/4        EV: 12    Int: 15    God:    Xom [..*...]
Gold:   120        SH:  0    Dex: 13    Spells: 3/3 levels left

rFire    . . .     SeeInvis +   a - +0 falchion (chaos)
rCold    . . .     Gourm    .   (no shield)
rNeg     + . .     Faith    .   l - +2 leather armour
rPois    .         Spirit   .   r - +2 hat
rElec    .         Reflect  .   (no cloak)
rCorr    .         Harm     .   (no gloves)
MR       .....                  (no boots)
Stlth    +.........             (no amulet)
HPRegen  0.11/turn              (no ring)
MPRegen  0.09/turn              (no ring)

@: no status effects
A: fangs 3, see invisible, unbreathing
a: Bat Form, Renounce Religion


You were on level 2 of the Dungeon.
You worshipped Xom.
You were a toy of Xom.
You were not thirsty.

You visited 1 branch of the dungeon, and saw 2 of its levels.

You collected 120 gold pieces.

Inventory:

Hand Weapons
 a - a +0 falchion of chaos (weapon)
 b - a +0 hunting sling
   (You took it off a goblin on level 2 of the Dungeon)
Missiles
 m - 39 stones (quivered)
 n - 19 sling bullets
Armour
 l - a +2 leather armour (worn)
 r - a +2 hat (worn)
   (You found it on level 2 of the Dungeon)
Scrolls
 d - a scroll of teleportation {unknown}
 e - 2 scrolls of recharging
 h - a scroll of enchant weapon {unknown}
 i - 3 scrolls of identify
 j - a scroll of random uselessness {unknown}
 k - a scroll of magic mapping {unknown}
 o - a scroll of enchant armour {unknown}
Potions
 c - a potion of agility {unknown}
 f - a potion of curing {unknown}
 g - a potion of heal wounds {unknown}
 p - a potion of flight
 q - 25 potions of blood {@q1}


   Skills:
 + Level 3.3 Fighting
 * Level 4.4 Long Blades
 - Level 0.7 Armour
 + Level 3.1 Dodging


You had 3 spell levels left.
You didn't know any spells.

Dungeon Overview and Level Annotations

Branches:
Dungeon (2/15)

Altars:


Innate Abilities, Weirdness & Mutations

You have razor-sharp teeth.
You have supernaturally acute eyesight. (SInv)
You can survive without breathing.


Message History

p - a fizzy coppery potion You now have 113 gold pieces (gained 2).
A hobgoblin comes into view.
You see here an embroidered hat.
r - an embroidered hat You barely miss the hobgoblin.
The hobgoblin barely misses you.
You hit the hobgoblin.
The hobgoblin is poisoned.
The hobgoblin hits you but does no damage.
You closely miss the hobgoblin. The hobgoblin barely misses you.
You completely miss the hobgoblin. The hobgoblin closely misses you.
You slash the hobgoblin! You freeze the hobgoblin.
You kill the hobgoblin!
You see here a hobgoblin corpse.
You bottle the corpse's blood.
q - 25 potions of blood {@q1} (gained 1)
You now have 120 gold pieces (gained 7).
Wear which item? (? for menu, Esc to quit)
You start putting on your armour.
You continue putting on your embroidered hat. x4
You finish putting on your +2 hat.
A hobgoblin comes into view. It is wielding a club.
The hobgoblin shouts!
A dart slug comes into view.
You hit the hobgoblin.
The hobgoblin evaporates and reforms as an iguana!
The iguana bites you.
You barely miss the iguana. The iguana closely misses you.
You riposte.
You barely miss the iguana. You hit the iguana but do no damage.
The iguana barely misses you.
You closely miss the iguana. The iguana barely misses you.
You hit the iguana.
The iguana seems to slow down.
You freeze the iguana. You bite the iguana.
You kill the iguana!
Your Dodging skill increases to level 3!
The dart slug launches a dart at you. The slug dart hits you!
You see here a club.
You slash the dart slug!
The dart slug is poisoned.
The dart slug launches a dart at you. The slug dart hits you!
You hit the dart slug. You burn the dart slug.
You kill the dart slug!
No target in view!
No target in view!
You start resting. "Take this instrument of something!"
Something appears at your feet!
s - a scroll labeled ITEXID LUKAHAO {god gift} You see here a club.
Blink to where?
Press: ? - help, Dir - move target cursor You are very lightly contaminated with residual magic.
As you read the scroll labeled ITEXID LUKAHAO {god gift}, it crumbles to dust.
It was a scroll of blinking.
You start resting.
You are now a toy of Xom.
Found a stone staircase leading down.
Your magical contamination has completely faded away.
A worm comes into view.
The worm bites you but does no damage.
You hit the worm.
The worm changes into a sky beast!
Xom is highly amused!
You closely miss the sky beast. The sky beast barely misses you.
You aren't carrying any items that you can evoke.
As you read the scroll labeled NULYOSK GULAR, it crumbles to dust.
It is a scroll of recharging.
You aren't carrying any rechargeable items.
The sky beast closely misses you.
You riposte.
You hit the sky beast but do no damage. Your bite misses the sky beast.
You barely miss the sky beast. Your bite misses the sky beast.
The sky beast barely misses you.
As you read the scroll labeled UVEYDOSI NIPNIA, it crumbles to dust.
It is a scroll of identify.
p - a potion of flight;
i - 3 scrolls of identify;
f - a lumpy inky potion The sky beast hits you.
The sky beast shocks you.
You hit the sky beast but do no damage.
The sky beast hits you but does no damage. x2
You barely miss the sky beast.
The sky beast hits you but does no damage.
You hit the sky beast.
Space warps horribly around the sky beast!
The sky beast flickers out of sight for a moment.
The sky beast hits you but does no damage.
You hit the sky beast. You freeze the sky beast. The sky beast misses you.
You hit the sky beast.
The sky beast is poisoned.
The sky beast changes into a basilisk!
You closely miss the basilisk.
You barely miss the basilisk. "Go forth and cause havoc, mortal!"
You feel much better. The basilisk bites you!
You closely miss the basilisk. You bite the basilisk.
The basilisk closely misses you.
You closely miss the basilisk. The basilisk barely misses you.
The basilisk bites you!
You miss the basilisk. The basilisk bites you!
* * * LOW HITPOINT WARNING * * *
You hit the basilisk.
The basilisk is moving more slowly.
The basilisk bites you!
You die...
Xom titters!

.....##
#.#.#.####.##
...... #...#
...#######.#
#+#.#.......#
#.....#######
#.#..+#####
#.%.....#
#.......#
#@......#
#l......#
..#####.#
#### .# #


You could see a basilisk shaped shifter (petrifying).

Vanquished Creatures
  An iguana (D:2)
  3 adders (D:2)
  A worm (D:2)
  2 dart slugs
  A leopard gecko (D:1)
  10 goblins
  6 hobgoblins
  7 kobolds
  A ball python (D:1)
  6 bats (D:1)
  4 frilled lizards
  6 rats
48 creatures vanquished.

Notes
Turn   | Place    | Note
-------+----------+-------------------------------------------
     0 | D:1      | RKaid the Vampire Chaos Knight began the quest for the Orb.
     0 | D:1      | Reached XP level 1. HP: 17/17 MP: 1/1
    92 | D:1      | XOM: silly message
   100 | D:1      | Reached skill level 3 in Fighting
   135 | D:1      | Reached XP level 2. HP: 22/24 MP: 2/2
   194 | D:1      | XOM: harmless Fire miscast
   406 | D:1      | Reached XP level 3. HP: 29/29 MP: 3/3
   580 | D:1      | XOM: medium Hex miscast
   783 | D:2      | XOM: blink monster(s)
   819 | D:2      | Reached skill level 4 in Long Blades
   948 | D:2      | XOM: harmless Conj miscast
  1132 | D:2      | Reached XP level 4. HP: 35/35 MP: 4/4
  1355 | D:2      | Reached skill level 3 in Dodging
  1366 | D:2      | XOM: god gift: scroll labeled ITEXID LUKAHAO {god gift}
  1420 | D:2      | Noticed a sky beast
  1420 | D:2      | a worm changed into a sky beast
  1429 | D:2      | Noticed a basilisk
  1429 | D:2      | a sky beast changed into a basilisk
  1431 | D:2      | XOM: potion effect (heal wounds)
  1434 | D:2      | HP: 6/35 [basilisk (shapeshifter) (7)]
  1435 | D:2      | Mangled by a basilisk (shapeshifter)

Vault maps used:
D:1:      ncdulo_smallfort, minmay_domino_4
D:2:      first_bread, uniq_crazy_yiuf_cottage

Skill      XL: |  1  2  3  4 |
---------------+-------------+-----
Fighting       | 3 |  3.3
Long Blades    | 4 |  4.4
Dodging        | 3 |  3.1
Armour         | |  0.7

Action                   |  1- 3 |  4- 6 || total
-------------------------+-------+-------++-------
Melee: Falchion          |    77 |    46 ||   123
       Bite              |    10 |     6 ||    16
 Fire: Hunting sling     |     2 |     2 ||     4
  Use: Scroll            |       |     3 ||     3
       Potion            |       |     3 ||     3
Armor: Leather armour    |    28 |    11 ||    39
Dodge: Dodged            |    56 |    27 ||    83
       Rpst.: Falchion   |    21 |     4 ||    25

Table legend:
 A = Spawn XP
 B = Non-spawn XP
 C = Spawn XP percentage of total XP
 D = Spawn monster count
 E = Non-spawn monster count
 F = Spawn count percentage of total count
 G = Total turns spent on level
                    A         B        C        D         E        F      G
               +---------+---------+-------+---------+---------+-------+---------
         Total |       0 |     153 |   0.0 |       0 |      48 |   0.0 |  1435
               +---------+---------+-------+---------+---------+-------+---------
           D:1 |       0 |      48 |   0.0 |       0 |      29 |   0.0 |   771
           D:2 |       0 |     105 |   0.0 |       0 |      19 |   0.0 |   664
               +---------+---------+-------+---------+---------+-------+---------

Table legend:
 A = Turns spent in this place as a percentage of turns spent in the entire game.
 B = Non-inter-level travel turns spent in this place as a percentage of non-inter-level travel turns spent in the entire game.
 C = Inter-level travel turns spent in this place as a percentage of turns spent in this place.
 D = Turns resting spent in this place as a percentage of non-inter-level travel turns spent in this place.
 E = Turns spent auto-exploring this place as a percentage of non-inter-level travel turns spent in this place.
 F = Non-inter-level travel turns spent in this place divided by the number of levels of this place that you've seen.
                   A       B       C       D       E      F
               +-------+-------+-------+-------+-------+----------------------
         Total | 100.0 | 100.0 |   1.3 |  14.7 |  57.2 | 708.5
       Dungeon | 100.0 | 100.0 |   1.3 |  14.7 |  57.2 | 708.5
               +-------+-------+-------+-------+-------+----------------------

Table legend:
 A = Kills in this place as a percentage of kills in entire the game.
 B = Kills by you in this place as a percentage of kills by you in the entire game.
 C = Kills by friends in this place as a percentage of kills by friends in the entire game.
 D = Other kills in this place as a percentage of other kills in the entire game.
 E = Experience gained in this place as a percentage of experience gained in the entire game.
 F = Experience gained in this place divided by the number of levels of this place that you have seen.
                   A       B       C       D       E      F
               +-------+-------+-------+-------+-------+----------------------
         Total | 100.0 | 100.0 |   N/A |   N/A | 100.0 |  76.5
       Dungeon | 100.0 | 100.0 |   N/A |   N/A | 100.0 |  76.5
               +-------+-------+-------+-------+-------+----------------------
